 Dungeon Crawl Stone Soup version 0.22-a0-580-gd5db89c (webtiles) character file.

115873 sking99 the Earth Mage (level 16, -6/100 HPs)
             Began as a Gargoyle Earth Elementalist on July 2, 2018.
             Was a High Priest of Vehumet.
             Killed from afar by a deep elf knight (28 damage)
             ... with a stone arrow
             ... on level 15 of the Dungeon.
             The game lasted 02:34:21 (40660 turns).

sking99 the Earth Mage (GrEE)                      Turns: 40660, Time: 02:34:22

Health: -6/100     AC: 31    Str: 13    XL:     16   Next: 69%
Magic:  13/30      EV: 12    Int: 24    God:    Vehumet [*****.]
Gold:   1642       SH:  0    Dex: 13    Spells: 6/35 levels left

rFire    + + .     SeeInvis .   Q - staff of energy
rCold    . . .     Gourm    .   (no shield)
rNeg     + . .     Faith    .   V - +1 fire dragon scales
rPois    ∞         Spirit   .   k - +1 helmet
rElec    +         Reflect  .   C - +1 cloak
rCorr    .         Harm     .   G - +1 pair of gloves
MR       ++...                  t - +2 pair of boots {run}
Stlth    ..........             (no amulet)
HPRegen  0.26/turn              E - ring of Darar {+Inv rPois rC+ Int+2 Dex+3}
MPRegen  0.22/turn              p - ring of protection from magic

@: flying, quick
A: big wings, deformed body, negative energy resistance 1, electricity
resistance, unbreathing, petrification resistance, rot immunity, AC +12
a: Stop Flying, Renounce Religion, Evoke Invisibility


You were on level 15 of the Dungeon.
You worshipped Vehumet.
Vehumet was extremely pleased with you.
You were near starving.

You visited 4 branches of the dungeon, and saw 24 of its levels.
You visited the Abyss 1 time.

You collected 2495 gold pieces.
You spent 853 gold pieces at shops.

Inventory:

Missiles
 z - 41 stones (quivered)
Armour
 k - a +1 helmet (worn)
 t - a +2 pair of boots of running (worn)
 C - a +1 cloak (worn)
 G - a +1 pair of gloves (worn)
 M - a +1 robe of magic resistance
 V - +1 fire dragon scales (worn)
 X - a +2 shield
Magical Staves
 Q - an uncursed staff of energy (weapon)
Jewellery
 i - a +1 ring of protection
 o - an uncursed ring of protection from fire
 p - a ring of protection from magic (right hand)
 E - the ring of Darar (left hand) {+Inv rPois rC+ Int+2 Dex+3}
   (You acquired it on level 11 of the Dungeon)

   [ring of dexterity]

   It affects your intelligence (+2).
   It affects your dexterity (+3).
   It protects you from cold.
   It protects you from poison.
   It lets you turn invisible.
 H - an uncursed ring of protection from cold
 U - an uncursed ring of resist corrosion
Wands
 s - a wand of flame (22)
 w - a wand of scattershot (6)
 y - a wand of acid (13)
 A - a wand of iceblast (21)
 B - a wand of clouds (12)
 F - a wand of enslavement (33)
 I - a wand of paralysis (15)
 J - a wand of digging (22)
Scrolls
 a - 7 scrolls of teleportation
 j - 6 scrolls of amnesia
 l - 3 scrolls of immolation
 m - a scroll of blinking
 q - a scroll of summoning
 u - 7 scrolls of identify
 v - 3 scrolls of enchant weapon
 x - 2 scrolls of fear
 D - 5 scrolls of remove curse
 L - 5 scrolls of magic mapping
 O - a scroll of brand weapon
 T - 2 scrolls of fog
 W - a scroll of silence
 Z - 3 scrolls of holy word
Potions
 e - 5 potions of resistance
 f - 6 potions of flight
 g - 7 potions of curing
 n - 3 potions of brilliance
 r - 2 potions of mutation
 K - a potion of might
 N - a potion of agility
 P - 3 potions of invisibility
 S - 3 potions of lignification
Miscellaneous
 c - a phial of floods
 h - a crystal ball of energy
 R - a lightning rod (4/4)
Comestibles
 d - 28 rations


   Skills:
 + Level 11.4 Fighting
 - Level 10.0 Armour
 - Level 8.0 Dodging
 - Level 2.1 Stealth
 - Level 8.4 Shields
 - Level 10.2 Spellcasting
 + Level 10.2 Conjurations
 - Level 3.0 Summonings
 - Level 5.1 Translocations
 - Level 2.0 Transmutations
 + Level 16.1 Earth Magic
 - Level 10.0 Evocations


You had 6 spell levels left.
You knew the following spells:

 Your Spells              Type           Power        Failure   Level  Hunger
a - Stone Arrow           Conj/Erth      ######       1%          3    None
b - Iron Shot             Conj/Erth      ######....   4%          6    None
c - Passwall              Tmut/Erth      ######..     1%          2    None
d - Lee's Rapid Deconstr  Erth           ######....   1%          5    None
e - Petrify               Tmut/Erth      ######..     5%          4    None
f - Sting                 Conj/Pois      ####         1%          1    None
g - Apportation           Tloc           #####.       2%          1    None
h - Blink                 Tloc           N/A          4%          2    None
i - Mephitic Cloud        Conj/Pois/Air  ####....     4%          3    None
j - Sandblast             Erth           ######       1%          1    None
x - Summon Butterflies    Summ           ####....     7%          1    None

Your spell library contained the following spells:

 Spells                   Type           Power        Failure   Level  Hunger
 Magic Dart               Conj           ####         1%          1    None
 Fireball                 Conj/Fire      #####.....   21%         5    None
 Conjure Flame            Conj/Fire      #####...     2%          3    None
 Bolt of Fire             Conj/Fire      #####.....   69%         6    None
 Bolt of Magma            Conj/Fire/Erth ######....   4%          5    None
 Slow                     Hex            ##......     34%         2    None
 Ring of Flames           Chrm/Fire      ##........   100%        7    None
 Summon Small Mammal      Summ           ####         7%          1    None
 Animate Skeleton         Necr           N/A          24%         1    None
 Summon Ice Beast         Ice/Summ       ###.....     77%         4    None
 Call Imp                 Summ           ####....     10%         2    None
 Statue Form              Tmut/Erth      ######...    65%         6    None
 Confusing Touch          Hex            ##....       24%         1    None
 Ignite Poison            Fire/Tmut/Pois ###.....     13%         3    None
 Call Canine Familiar     Summ           ####....     21%         3    None
 Shatter                  Erth           ######....   99%         9    None
 Leda's Liquefaction      Hex/Erth       ######....   9%          4    None
 Summon Hydra             Summ           ####......   100%        7    None
 Summon Mana Viper        Hex/Summ       ###.....     98%         5    None
 Ignition                 Fire           ##........   100%        8    None


Dungeon Overview and Level Annotations

Branches:
Dungeon (15/15)            Temple (1/1) D:6            Lair (6/6) D:10
 Shoals (0/4) Lair:4        Snake (0/4) Lair:2        Slime (0/5) Lair:5
    Orc (2/2) D:11            Elf (0/3) Orc:2        Vaults (0/5) D:14
 Depths (0/5) D:15

Altars:
Ashenzari
Cheibriados
Dithmenos
Elyvilon
Fedhas
Gozag
Hepliaklqana
Kikubaaqudgha
Makhleb
Nemelex Xobeh
Okawaru
Qazlal
Ru
Sif Muna
Trog
Uskayaw
Vehumet
Wu Jian
Xom
Yredelemnul
Zin
The Shining One

Shops:
D:6 (   D:9 (   D:11 *[*:   D:12 (%   D:14 ?!   Orc:2 ??=}

Annotations:
D:5 jamsan's ghost, novice GrEE
D:6 3 runed doors, Gildeon's ghost, novice DECj
D:10 2 transporters, kae's ghost, journeyman TeFE
D:15 1 runed door, Agnes; Deathmic's ghost, journeyman TrBe


Innate Abilities, Weirdness & Mutations

You are resistant to torment.
Your stone body is resilient. (AC +12)
You are immune to poison.
Your large and strong wings let you fly indefinitely.
You resist negative energy. (rN+)
You are resistant to electric shocks. (rElec)
You can survive without breathing.
You are immune to petrification.
You are immune to rotting.
Armour fits poorly on your strangely shaped body.


Message History

The deep elf knight points at you and mumbles some strange words.
The orb of energy hits you!
* * * LOW HITPOINT WARNING * * *
Deathmic's ghost turns its malevolent gaze towards you.
The deep elf knight mumbles some strange words.
The deep elf knight seems to speed up.
The deep elf knight casts a spell at you.
The stone arrow misses you.
The deep elf knight points at you and mumbles some strange words.
The orb of energy misses you.
The deep elf knight gestures at you while chanting.
The orb of energy misses you.
The deep elf knight points at you and mumbles some strange words.
The stone arrow misses you.
The deep elf knight gestures at you while chanting.
The stone arrow hits you!
* * * LOW HITPOINT WARNING * * *
The deep elf knight gestures at you while chanting.
The stone arrow hits you!
You die...

#.#
#.#⌠.%♣!.⌠#
#.#
#.##.....##
#.#
#..##...##.
#.#
##..##.##..
#.##
##..#+#...
#..# .....
#.e# .....
#..# .....
#.@# ....
#..# #..#
#... ####


You could see a deep elf knight.

Vanquished Creatures
  Rupert (Orc:1)
  Frances (D:13)
  Kirke (Lair:6)
  A revenant (Abyss:2)
  2 orc warlords
  A very ugly thing (D:11)
  2 dire elephants (Lair:6)
  A yaktaur captain (D:15)
  The ghost of Gomp the Blocker, a journeyman OpFi of Jiyva (Lair:1)
  Harold (D:10)
  7 hydras
  An ice dragon (Lair:6)
  5 vault guards (D:14)
  3 centaur warriors
  2 catoblepae (Lair:6)
  4 ogre magi (Orc:2)
  25 two-headed ogres
  9 death yaks
  A death knight (D:14)
  A tengu warrior (D:14)
  Urug (D:11)
  Nergalle (D:10)
  3 skeletal warriors (D:15)
  3 wizards
  4 unseen horrors
  2 deep elf archers (D:14)
  2 orc knights
  3 lindwurms (Lair:6)
  4 orc sorcerers
  6 ugly things (D:11)
  5 manticores
  4 cyclopes
  3 elephants (Lair:5)
  8 black mambas
  A centaur zombie (D:11)
  Psyche (D:8)
  Joseph (D:8)
  2 molten gargoyles (Lair:4)
  5 torpor snails (Lair:6)
  11 spiny frogs
  5 rime drakes
  3 komodo dragons (Lair:5)
  An efreet (D:15)
  A freezing wraith (D:14)
  A queen bee (shapeshifter) (D:14)
  2 tengu conjurers
  5 trolls
  7 hornets
  2 polar bears
  3 tyrant leeches (Lair:6)
  3 slime creatures (D:14)
  8 hippogriffs
  13 blink frogs
  A spriggan (D:7)
  8 wyverns
  A shadow (D:13)
  2 wraiths
  A human (D:14)
  Eustachio (D:5)
  44 yaks
  2 hogs (Lair:6)
  2 hungry ghosts
  3 vampire mosquitoes (D:14)
  Grum (D:10)
  A steam dragon (D:14)
  4 basilisks
  4 nagas (Lair:2)
  2 wargs (Orc:2)
  9 water moccasins
  A hell hound (D:14)
  A soldier ant (D:12)
  2 large abominations (Abyss:2)
  7 porcupines
  3 ice beasts
  4 sky beasts
  32 orc warriors
  A hornet zombie (D:7)
  3 black bears
  2 necrophages
  4 eyes of draining
  5 centaurs
  35 ogres
  8 wolves
  16 crocodiles
  A big kobold (D:14)
  2 wyvern zombies
  26 bullfrogs
  7 scorpions
  3 wights (D:7)
  4 howler monkeys
  6 crimson imps
  8 hounds
  A bullfrog zombie (D:11)
  5 lava snakes (Lair:4)
  16 jellies
  2 quasits
  A small abomination (Abyss:2)
  13 orc priests
  20 orc wizards
  2 bullfrog skeletons
  4 iguanas
  7 worker ants
  A hound skeleton (D:8)
  2 worker ant zombies
  A howler monkey skeleton (D:6)
  3 gnolls (D:6)
  10 adders
  3 shadow imps
  An ufetubus (Abyss:2)
  2 oozes
  2 adder skeletons
  2 worms
  2 dart slugs
  9 leopard geckos
  98 orcs
  A ball python (D:2)
  6 giant cockroaches
  8 goblins
  12 hobgoblins
  13 jackals
  12 kobolds
  A quokka (D:6)
  6 bats
  4 frilled lizards
  A leopard gecko skeleton (D:3)
  A leopard gecko zombie (D:5)
  A quokka skeleton (D:6)
  A quokka zombie (D:7)
  11 rats
  3 fungi
749 creatures vanquished.

Vanquished Creatures (others)
  3 humans (Lair:6)
  An orc wizard (Orc:1)
  An orc (Orc:1)
  10 fungi
  24 plants
39 creatures vanquished.

Grand Total: 788 creatures vanquished

Notes
Turn   | Place    | Note
-------+----------+-------------------------------------------
     0 | D:1      | sking99 the Gargoyle Earth Elementalist began the quest for the Orb.
     0 | D:1      | Reached XP level 1. HP: 10/10 MP: 3/3
   331 | D:1      | Reached XP level 2. HP: 16/16 MP: 3/5
   358 | D:1      | Reached skill level 1 in Fighting
   450 | D:1      | Reached skill level 4 in Earth Magic
   684 | D:1      | Reached XP level 3. HP: 18/20 MP: 4/6
  1414 | D:2      | Learned a level 3 spell: Stone Arrow
  1417 | D:2      | Learned a level 2 spell: Passwall
  1621 | D:2      | Reached XP level 4. HP: 26/26 MP: 6/8
  2927 | D:3      | Reached skill level 1 in Transmutations
  2931 | D:3      | Reached XP level 5. HP: 31/31 MP: 0/9
  3278 | D:3      | Reached skill level 1 in Conjurations
  3349 | D:3      | Reached skill level 5 in Earth Magic
  4034 | D:4      | Found a basalt altar of Yredelemnul.
  4097 | D:4      | Reached XP level 6. HP: 36/36 MP: 3/11
  4713 | D:5      | Entered Level 5 of the Dungeon
  4787 | D:5      | Found a runed door.
  4792 | D:5      | Noticed jamsan's ghost (novice GrEE)
  4957 | D:5      | Got a jewelled rapier
  4958 | D:5      | Identified the +10 rapier of the Tomato {freeze, Int+2 Dex+2} (You found it on level 5 of the Dungeon)
  4992 | D:5      | Reached XP level 7. HP: 34/40 MP: 6/13
  5065 | D:5      | Noticed Eustachio
  5076 | D:5      | Killed Eustachio
  5076 | D:5      | Reached skill level 6 in Earth Magic
  5296 | D:5      | Identified a +0 pair of boots of running (You found it on level 5 of the Dungeon)
  5849 | D:5      | Learned a level 5 spell: Lee's Rapid Deconstruction
  5854 | D:5      | Learned a level 4 spell: Petrify
  6223 | D:6      | Reached XP level 8. HP: 44/45 MP: 9/15
  6267 | D:6      | Found a runed gate.
  6268 | D:6      | Found a runed gate.
  6269 | D:6      | Found a runed gate.
  6279 | D:6      | Noticed Gildeon's ghost (novice DECj)
  6331 | D:6      | Reached skill level 7 in Earth Magic
  6475 | D:6      | Found a shimmering altar of Xom.
  6484 | D:6      | Reached skill level 5 in Spellcasting
  6648 | D:6      | Found Ucuph's Weapon Shop.
  6846 | D:6      | Reached skill level 8 in Earth Magic
  7012 | D:6      | Found a staircase to the Ecumenical Temple.
  7075 | Temple   | Entered the Ecumenical Temple
  7330 | D:7      | Reached skill level 9 in Earth Magic
  7441 | D:7      | Found a glowing silver altar of Zin.
  7443 | D:7      | Found a stormy altar of Qazlal.
  7447 | D:7      | Found an ornate altar of the Wu Jian Council.
  7447 | D:7      | Found a radiant altar of Vehumet.
  7457 | D:7      | Became a worshipper of Vehumet
  7578 | D:7      | Reached XP level 9. HP: 52/52 MP: 14/17
  7937 | D:7      | Reached skill level 5 in Fighting
  8030 | D:8      | Noticed Joseph
  8037 | D:8      | Killed Joseph
  8037 | D:8      | Reached skill level 10 in Earth Magic
  8343 | D:8      | Found a deep blue altar of Sif Muna.
  8374 | D:8      | Learned a level 1 spell: Summon Butterflies
  8489 | D:8      | Reached skill level 1 in Summonings
  8501 | D:8      | Noticed Psyche
  8866 | D:8      | Killed Psyche
  9033 | D:9      | Reached XP level 10. HP: 53/60 MP: 15/20
  9181 | D:9      | Reached skill level 11 in Earth Magic
  9214 | D:9      | Found a burning altar of Makhleb.
  9441 | D:9      | Found a shadowy altar of Dithmenos.
  9499 | D:9      | Noticed a two-headed ogre
  9505 | D:9      | Killed a two-headed ogre
  9505 | D:9      | Reached * piety under Vehumet
  9505 | D:9      | Offered knowledge of Sting by Vehumet.
  9505 | D:9      | Reached skill level 12 in Earth Magic
  9509 | D:9      | Learned a level 1 spell: Sting
  9655 | D:9      | Learned a level 1 spell: Apportation
  9658 | D:9      | Learned a level 2 spell: Slow
  9662 | D:9      | Learned a level 2 spell: Blink
  9905 | D:9      | Found Xyluurioll's Antique Weapon Shop.
  9976 | D:10     | Entered Level 10 of the Dungeon
  9987 | D:10     | Noticed Harold
  9999 | D:10     | Reached skill level 1 in Armour
 10011 | D:10     | Killed Harold
 10011 | D:10     | Reached skill level 1 in Translocations
 10123 | D:10     | Noticed a two-headed ogre
 10414 | D:10     | Killed a two-headed ogre
 10439 | D:10     | Noticed Grum
 10453 | D:10     | Reached XP level 11. HP: 23/64 MP: 11/22
 10463 | D:10     | Killed Grum
 10731 | D:10     | Found a staircase to the Lair.
 10878 | D:10     | Noticed a cyclops
 10880 | D:10     | Noticed a centaur warrior
 10881 | D:10     | Noticed Nergalle
 10885 | D:10     | Noticed kae's ghost (journeyman TeFE)
 11101 | D:10     | Killed Nergalle
 11676 | D:10     | Found a transporter.
 11704 | D:10     | Offered knowledge of Throw Frost by Vehumet.
 11742 | D:10     | Found a transporter.
 11838 | D:11     | Noticed a purple ugly thing
 11839 | D:11     | Reached ** piety under Vehumet
 11840 | D:11     | Noticed a brown ugly thing
 11840 | D:11     | Noticed a red ugly thing
 11840 | D:11     | Noticed a white ugly thing
 11845 | D:11     | Noticed a red ugly thing
 11847 | D:11     | Killed a purple ugly thing
 11847 | D:11     | Reached skill level 13 in Earth Magic
 11852 | D:11     | Killed a white ugly thing
 11853 | D:11     | Killed a white ugly thing
 11853 | D:11     | Reached skill level 5 in Armour
 11854 | D:11     | Killed a red ugly thing
 11857 | D:11     | Killed a brown ugly thing
 11871 | D:11     | Noticed a brown ugly thing
 11885 | D:11     | Killed a brown ugly thing
 12230 | D:11     | Offered knowledge of Inner Flame by Vehumet.
 12320 | D:11     | Found a staircase to the Orcish Mines.
 12378 | D:11     | Noticed a seven-headed hydra
 12378 | D:11     | Noticed a two-headed ogre
 12385 | D:11     | Killed a two-headed ogre
 12386 | D:11     | Killed a seven-headed hydra
 12386 | D:11     | Reached skill level 5 in Translocations
 12545 | D:11     | Found Yceroteg's Antique Weapon Emporium.
 12570 | D:11     | Reached *** piety under Vehumet
 12675 | D:11     | Found Ynlenin's Antique Armour Boutique.
 12687 | D:11     | Noticed a two-headed ogre
 12701 | D:11     | Killed a two-headed ogre
 12701 | D:11     | Reached XP level 12. HP: 71/71 MP: 15/25
 12790 | D:11     | Found Xediem Xont's Assorted Antiques.
 12889 | D:11     | Found Siclyfugh's Assorted Antiques.
 12973 | D:11     | Bought an ichor-stained robe for 171 gold pieces
 12973 | D:11     | Identified the +1 robe of the Guardian {*Slow rN+++ Int-4 Slay+4} (You bought it in a shop on level 11 of the Dungeon)
 12976 | D:11     | Bought an embroidered robe for 136 gold pieces
 12979 | D:11     | Identified a scroll of acquirement
 12980 | D:11     | Got a wavering bronze ring
 12982 | D:11     | Identified the ring of Darar {+Inv rPois rC+ Int+2 Dex+3} (You acquired it on level 11 of the Dungeon)
 13126 | D:11     | Found Nevvux's Book Emporium.
 13452 | D:11     | Got a scintillating tin amulet
 13483 | D:11     | Reached skill level 1 in Evocations
 13528 | D:11     | Noticed a red very ugly thing
 14301 | D:11     | Killed a red very ugly thing
 14462 | Lair:1   | Entered Level 1 of the Lair of Beasts
 14625 | Lair:1   | Offered knowledge of Fulminant Prism by Vehumet.
 14711 | Lair:1   | Found a runed door.
 14713 | Lair:1   | Noticed Gomp's ghost (journeyman OpFi)
 15061 | Lair:1   | Reached **** piety under Vehumet
 15195 | Lair:1   | Identified the amulet of the Everdark {Faith rElec} (You took it off an orc on level 11 of the Dungeon)
 15735 | Lair:1   | Killed Gomp's ghost
 15898 | Lair:2   | Reached XP level 13. HP: 79/79 MP: 21/26
 15900 | Lair:2   | Reached skill level 10 in Spellcasting
 16060 | Lair:2   | Offered knowledge of Fireball by Vehumet.
 16310 | Lair:2   | Reached skill level 5 in Dodging
 16782 | Lair:2   | Found a staircase to the Snake Pit.
 17674 | Lair:3   | Reached skill level 5 in Evocations
 18377 | Lair:4   | Reached ***** piety under Vehumet
 18651 | Lair:4   | Offered knowledge of Iskenderun's Mystic Blast by Vehumet.
 18657 | Lair:4   | Found a staircase to the Shoals.
 19435 | Lair:4   | Reached skill level 10 in Fighting
 19442 | Lair:4   | Reached skill level 10 in Armour
 20070 | Lair:5   | Gained mutation: Your large and strong wings let you fly indefinitely. [Gargoyle growth]
 20070 | Lair:5   | Reached XP level 14. HP: 88/88 MP: 23/28
 20429 | Lair:5   | Found a staircase to the Slime Pits.
 20468 | Lair:5   | Reached skill level 1 in Shields
 20826 | Lair:5   | Learned a level 3 spell: Mephitic Cloud
 21354 | Lair:6   | Entered Level 6 of the Lair of Beasts
 21425 | Lair:6   | Noticed Kirke
 21445 | Lair:6   | Killed Kirke
 22129 | Lair:6   | Reached skill level 5 in Shields
 22301 | Lair:6   | Noticed a dire elephant
 22566 | Lair:6   | Offered knowledge of Yara's Violent Unravelling by Vehumet.
 22975 | Lair:6   | Found a runed door.
 24165 | Lair:6   | Killed a dire elephant
 24535 | Lair:6   | Noticed a dire elephant
 25111 | Lair:6   | Killed a dire elephant
 25257 | Lair:6   | Reached skill level 10 in Evocations
 25302 | Lair:6   | Learned a level 5 spell: Bolt of Magma
 25310 | Lair:6   | Learned a level 6 spell: Iron Shot
 26082 | D:12     | Found Vagh's Food Emporium.
 26091 | D:12     | Bought a ration for 50 gold pieces
 26091 | D:12     | Bought a ration for 50 gold pieces
 26139 | D:12     | Found a sparkling altar of Nemelex Xobeh.
 26224 | D:12     | Reached XP level 15. HP: 92/92 MP: 17/29
 26441 | D:12     | Got a bloodstained trident
 26442 | D:12     | Identified the +2 trident "Jellyslayer" {pierce, rElec Int+2} (You found it on level 12 of the Dungeon)
 26612 | D:12     | Found Laeh's Antique Weapon Emporium.
 27497 | D:13     | Reached skill level 5 in Conjurations
 27879 | D:14     | Noticed Frances
 28088 | Orc:1    | Entered Level 1 of the Orcish Mines
 28088 | Orc:1    | Noticed an orc warlord
 28089 | Orc:1    | Noticed Urug
 28445 | D:11     | Killed an orc warlord
 29002 | D:11     | Killed Urug
 29889 | Orc:2    | Entered Level 2 of the Orcish Mines
 30216 | Orc:1    | Reached skill level 14 in Earth Magic
 30580 | Orc:2    | Noticed Rupert
 30976 | Orc:1    | HP: 2/92 [Rupert/great mace of protection (18)]
 30992 | Orc:1    | Paralysed by Rupert for 3 turns
 31382 | Orc:1    | Killed Rupert
 32318 | Orc:2    | Offered knowledge of Lightning Bolt by Vehumet.
 32876 | Orc:2    | Found a staircase to the Elven Halls.
 32943 | Orc:2    | Found Oceruibue's Jewellery Shop.
 32943 | Orc:2    | Found Minyhuc's Magic Scroll Emporium.
 32944 | Orc:2    | Found Pauts's Gadget Shoppe.
 32944 | Orc:2    | Found Sisupiomn's Magic Scroll Shop.
 33125 | Orc:2    | Bought a scroll of magic mapping for 42 gold pieces
 33125 | Orc:2    | Bought a scroll of teleportation for 36 gold pieces
 33230 | Orc:1    | Noticed an orc warlord
 33239 | Orc:1    | Reached skill level 15 in Earth Magic
 34848 | Orc:2    | Killed an orc warlord
 35105 | Orc:2    | Reached XP level 16. HP: 97/97 MP: 17/30
 35320 | Orc:2    | Bought a crystal ball of energy for 240 gold pieces
 35675 | D:13     | Killed Frances
 35777 | D:14     | Found Bupulest's Magic Scroll Shop.
 36427 | D:14     | Offered knowledge of Ozocubu's Refrigeration by Vehumet.
 36917 | D:14     | Found a gate to the Vaults.
 37758 | D:14     | Found a white marble altar of Elyvilon.
 37936 | D:14     | Found Begaq's Distillery.
 37944 | D:14     | Bought a potion of might for 64 gold pieces
 37944 | D:14     | Bought a potion of agility for 64 gold pieces
 38360 | D:15     | Entered Level 15 of the Dungeon
 38368 | D:15     | Cast into level 2 of the Abyss (tengu warrior)
 38435 | Abyss:2  | Gained mutation: Armour fits poorly on your strangely shaped body. [a shining eye]
 38439 | Abyss:2  | Noticed an Executioner
 38661 | Abyss:2  | Noticed a revenant
 38681 | Abyss:2  | Killed a revenant
 38690 | D:15     | Escaped the Abyss
 38691 | D:15     | HP: 2/99 [tengu warrior/long sword of distortion (18)]
 39285 | D:14     | Found a gate to the Vaults.
 39302 | D:14     | Found Bupulest's Magic Scroll Shop.
 39986 | D:15     | Reached skill level 10 in Conjurations
 40205 | D:15     | Noticed Agnes
 40417 | D:15     | Reached skill level 16 in Earth Magic
 40469 | D:15     | Noticed Deathmic's ghost (journeyman TrBe)
 40472 | D:15     | Found a runed door.
 40593 | D:15     | Found a staircase to the Depths.
 40660 | D:15     | Killed from afar by a deep elf knight

Vault maps used:
D:1:      ncdulo_halloftheorcs
D:2:      first_ration, minmay_tetromino_s2
D:3:      minmay_cut_off
D:4:      lemuel_coloured_pillars_altar, minmay_misc_feat_hallway,
          minmay_surrounded
D:5:      ebering_ghost_reflecting_pool, uniq_eustachio
D:6:      minmay_temple_entry_butterflies, gammafunk_ghost_necromancy,
          serial_shops, nicolae_shop_waterfront, basic_altar
D:7:      grunt_temple_overflow_open, the_bakery
D:8:      overflow_temple_1_default, hangedman_decor_diamond_cutter,
          uniq_psyche, uniq_joseph
D:9:      serial_shops, shop, basic_altar, supply_closet_lemuel,
          serial_bayou_pond_d, grunt_dithmenos_smoke_and_mirrors
D:10:     minmay_lair_entry_grove, gammafunk_ghost_arena, uniq_harold,
          uniq_nergalle, uniq_grum
D:11:     cheibrodos_breeding_chamber, hiddenorc2_lemuel, serial_shops, shop,
          shop, shop, shop, nicolae_shop_trees
D:12:     basic_altar, serial_shops, nicolae_shop_crystal, kennysheep_mini_moat,
          hangedman_decor_clover_reticule, minmay_misc_feat_x
D:14:     grunt_vaults_entry_fortified, lemuel_tele_altar, serial_shops,
          nicolae_shop_statue_plus, shop_fountains, special_room,
          minmay_unpleasant_kobolds, uniq_frances
D:15:     hangedman_depths_entry_civil_slaughter,
          hellmonk_ghost_happy_afterlife, serial_shops, shop, nicolae_wwwww,
          uniq_agnes
Temple:   eino_temple_rhombus
Lair:1:   ebering_ghost_inner_flame, beast_lair_carwin_4
Lair:2:   minmay_snake_entry_guardpost_small, grunt_forest_small_clearing_treed
Lair:3:   serial_bayou_shore_a
Lair:4:   cheibrodos_magma_flow, elwin_shoals_entry_rocks,
          hangedman_lair_unloving_vines, infiniplex_staircase_pool
Lair:5:   minmay_slime_entry_jelly_boxes
Lair:6:   wormcave, hangedman_lair_in_review, uniq_kirke
Orc:1:    uniq_urug
Orc:2:    st_orc_ogre_mass, uniq_rupert
Abyss:2:  kilobyte_mutagenic_chamber

Skill      XL: |  1  2  3  4  5  6  7  8  9 10 11 12 13 14 15 16 |
---------------+-------------------------------------------------+-----
Fighting       | 1 2 4 6 8 10 11 | 11.4
Earth Magic    | 4 5 6 9 10 12 13 15 16 | 16.1
Spellcasting   | 3 4 5 7 9 10 | 10.2
Transmutations | 1 2 |  2.0
Conjurations   | 1 2 4 9 10 | 10.2
Summonings     | 2 3 |  3.0
Armour         | 3 6 8 10 | 10.0
Translocations | 2 5 |  5.1
Dodging        | 2 4 6 7 8 |  8.0
Evocations     | 3 6 10 | 10.0
Shields        | 8 |  8.4
Stealth        | |  2.1

Action                   |  1- 3 |  4- 6 |  7- 9 | 10-12 | 13-15 | 16-18 || total
-------------------------+-------+-------+-------+-------+-------+-------++-------
Melee: Short sword       |    30 |   106 |       |       |       |       ||   136
       Dagger            |       |    25 |       |       |       |       ||    25
       Rapier            |       |     2 |    23 |    69 |       |       ||    94
       Staff             |       |       |       |       |   109 |    69 ||   178
 Cast: Sandblast         |    34 |    33 |    82 |   122 |   182 |       ||   453
       Stone Arrow       |     2 |    32 |    47 |   115 |   597 |   123 ||   916
       Passwall          |       |     1 |       |       |     1 |       ||     2
       Lee's Rapid Decon |       |       |     4 |    40 |   142 |    25 ||   211
       Petrify           |       |       |     3 |     7 |     1 |       ||    11
       Summon Butterflie |       |       |     1 |       |       |       ||     1
       Iron Shot         |       |       |       |       |    31 |    87 ||   118
 Abil: Evoke Invisibilit |       |       |       |       |     5 |       ||     5
       Fly               |       |       |       |       |     1 |       ||     1
Evoke: Staff of energy   |       |       |       |       |   123 |    60 ||   183
       Lightning rod     |       |       |       |       |     8 |       ||     8
       Wand              |       |       |       |       |     5 |       ||     5
       Crystal ball of e |       |       |       |       |       |     1 ||     1
  Use: Scroll            |       |    12 |     4 |     9 |    19 |     3 ||    47
       Potion            |       |       |       |     1 |     9 |     2 ||    12
 Stab: Sleeping          |     1 |     3 |       |       |       |       ||     4
  Eat: Chunk             |     3 |    13 |    15 |    16 |    42 |     6 ||    95
       Ration            |       |       |     1 |     3 |     6 |     4 ||    14
Armor: Robe              |    16 |    50 |    32 |   105 |   102 |       ||   305
       Fire dragon scale |       |       |       |       |   300 |   298 ||   598
Dodge: Dodged            |    29 |    95 |    42 |   106 |   343 |   154 ||   769

Table legend:
 A = Spawn XP
 B = Non-spawn XP
 C = Spawn XP percentage of total XP
 D = Spawn monster count
 E = Non-spawn monster count
 F = Spawn count percentage of total count
 G = Total turns spent on level
                    A         B        C        D         E        F      G
               +---------+---------+-------+---------+---------+-------+---------
         Total |     457 |  165076 |   0.3 |       5 |     741 |   0.7 | 40660
               +---------+---------+-------+---------+---------+-------+---------
           D:1 |       0 |      46 |   0.0 |       0 |      26 |   0.0 |  1269
           D:2 |       0 |      74 |   0.0 |       0 |      28 |   0.0 |  1151
           D:3 |       0 |     148 |   0.0 |       0 |      38 |   0.0 |  1389
           D:4 |       0 |     272 |   0.0 |       0 |       5 |   0.0 |   904
           D:5 |       0 |     481 |   0.0 |       0 |      10 |   0.0 |  1233
           D:6 |       0 |     828 |   0.0 |       0 |      24 |   0.0 |  1151
           D:7 |       0 |    1085 |   0.0 |       0 |      13 |   0.0 |   791
           D:8 |       0 |    1621 |   0.0 |       0 |      14 |   0.0 |   943
           D:9 |       0 |    1918 |   0.0 |       0 |      14 |   0.0 |  1393
          D:10 |       0 |    4894 |   0.0 |       0 |      31 |   0.0 |  1586
          D:11 |       0 |   18053 |   0.0 |       0 |      89 |   0.0 |  3988
          D:12 |       0 |    2036 |   0.0 |       0 |      19 |   0.0 |  1073
          D:13 |       0 |    6166 |   0.0 |       0 |      24 |   0.0 |  2150
          D:14 |       0 |   19566 |   0.0 |       0 |      65 |   0.0 |  2885
          D:15 |       0 |   12065 |   0.0 |       0 |      22 |   0.0 |  1111
        Lair:1 |       0 |    7781 |   0.0 |       0 |      35 |   0.0 |  1455
        Lair:2 |       0 |    7037 |   0.0 |       0 |      31 |   0.0 |  1293
        Lair:3 |       0 |    3869 |   0.0 |       0 |      12 |   0.0 |  1074
        Lair:4 |       0 |   10652 |   0.0 |       0 |      27 |   0.0 |  1694
        Lair:5 |       0 |    7014 |   0.0 |       0 |      37 |   0.0 |  1477
        Lair:6 |       0 |   25406 |   0.0 |       0 |      54 |   0.0 |  4286
         Orc:1 |       0 |    7226 |   0.0 |       0 |      46 |   0.0 |  2798
         Orc:2 |       0 |   24916 |   0.0 |       0 |      76 |   0.0 |  3103
       Abyss:2 |     457 |    1922 |  19.2 |       5 |       1 |  83.3 |   322
               +---------+---------+-------+---------+---------+-------+---------
